AoeStats
← agamemnon_of_mycenae

Arabia

510220112Analyzed
1v1 RM · 2d ago on Sep 30, 2026· 47m 34s· 2 players
Game mode
Random Map
Map size
Tiny (2 player)
Population
200
Speed
Normal
Resources
Standard
Victory
Conquest
Starting age
Dark Age
Ending age
Imperial Age
RankedLock teamsTeams togetherTeam positionsShared explorationLock speedFull tech treeHidden civsTurbo modeCheats
Victory
Defeat
🇺🇸 Cumans · United States
930
+16
🇵🇷 Britons · Puerto Rico
929
-16
omargonzalez7228
6:07 Loom
8:56 Feudal Age
9:25 Double-Bit Axe
14:32 Scale Barding Armor
15:37 Forging
21:40 Castle Age
20:07 Fletching
21:16 Padded Archer Armor
21:26 Horse Collar
22:21 Crossbowman
24:31 Bodkin Arrow
25:02 Husbandry
31:12 Iron Casting
30:57 Pikeman
31:38 Squires
37:27 Imperial Age
36:42 Scale Mail Armor
36:58 Leather Archer Armor
37:03 Chain Barding Armor
38:07 Yeomen
40:13 Conscription
41:27 Chemistry
40:17 Halberdier
42:10 Ballistics
42:01 Cranequins
43:38 Murder Holes
43:53 Heavy Plow
agamemnon_of_mycenae
6:52 Loom
10:16 Feudal Age
11:08 Double-Bit Axe
12:02 Wheelbarrow
13:39 Horse Collar
18:01 Scale Mail Armor
18:13 Forging
24:06 Castle Age
23:37 Fletching
23:47 Padded Archer Armor
24:19 Bloodlines
24:21 Scale Barding Armor
25:28 Hand Cart
25:21 Thumb Ring
25:15 Gold Mining
26:36 Elite Skirmisher
28:29 Chain Barding Armor
28:49 Iron Casting
31:42 Bodkin Arrow
32:02 Leather Archer Armor
33:09 Ballistics
36:12 Imperial Age
34:37 Gold Shaft Mining
33:53 Stone Mining
35:15 Bow Saw
35:41 Town Watch
36:22 Steppe Husbandry
37:50 Conscription
38:51 Two-Man Saw
40:00 Elite Steppe Lancer
42:19 Heavy Plow
42:55 Parthian Tactics
43:03 Ring Archer Armor
43:51 Iron Casting
43:57 Plate Barding Armor
44:50 Chemistry
44:34 Heavy Cavalry Archer
45:22 Murder Holes
46:30 Blast Furnace
Connection lost

Rejoining the realm…

Still unreachable

The connection could not be restored.

Session expired

The server has moved on; the page needs a fresh start.